 Dungeon Crawl Stone Soup version 0.24-a0-549-g45f0056d81 (webtiles) character file.

Game seed: 15938075407362796419

7499 Electrofox the Basher (level 10, -20/77 HPs)
             Began as a Minotaur Berserker on Aug 18, 2019.
             Was a High Priest of Trog.
             Shot with an arrow by a centaur warrior (22 damage)
             ... on level 10 of the Dungeon on Aug 19, 2019.
             The game lasted 01:01:56 (9007 turns).

Electrofox the Basher (Minotaur Berserker)          Turns: 9007, Time: 01:01:57

Health: -20/77     AC:  8    Str: 26    XL:     10   Next: 95%
Magic:  9/9        EV: 27    Int:  4    God:    Trog [*****.]
Gold:   473        SH:  0    Dex: 17    Spells: 9/9 levels left

rFire    . . .     SeeInvis .   a - +0 morningstar
rCold    . . .     Gourm    .   (no shield)
rNeg     . . .     Faith    .   w - +3 ring mail of Mirth {+Inv Str+2 Dex+2}
rPois    .         Spirit   .   (helmet restricted)
rElec    .         Reflect  .   (no cloak)
rCorr    .         Harm     .   (no gloves)
MR       .....                  (no boots)
Stlth    +.........             h - amulet of the acrobat
HPRegen  0.22/turn              v - +4 ring of dexterity
MPRegen  0.11/turn              (no ring)

@: berserk cooldown, acrobat, slowed, very slow
A: retaliatory headbutt, horns 2
a: Berserk, Trog's Hand, Brothers in Arms, Renounce Religion, Evoke Invisibility


You were on level 10 of the Dungeon.
You worshipped Trog.
Trog was extremely pleased with you.
You were very hungry.

You visited 1 branch of the dungeon, and saw 10 of its levels.

You collected 473 gold pieces.

Inventory:

Hand Weapons
 a - a +0 morningstar (weapon)
 d - a +2 war axe of electrocution
 D - the +3 halberd "Zuseeca" {holy, rPois}
   (You found it on level 9 of the Dungeon)

   It has been blessed by the Shining One to cause great damage to the undead
   and demons.
   It protects you from poison.
Missiles
 B - 29 poisoned darts (quivered)
Armour
 o - a +3 ring mail of fire resistance
 w - the +3 ring mail of Mirth (worn) {+Inv Str+2 Dex+2}
   (You found it on level 5 of the Dungeon)

   It affects your strength (+2).
   It affects your dexterity (+2).
   It lets you turn invisible.
Jewellery
 h - an amulet of the acrobat (around neck)
 v - a +4 ring of dexterity (left hand)
Wands
 y - a wand of random effects (11)
 A - a wand of digging (7)
 E - a wand of scattershot (2)
 I - a wand of disintegration (5)
Scrolls
 b - 2 scrolls of remove curse
 e - 5 scrolls of teleportation
 f - 2 scrolls of enchant weapon {unknown}
 j - 2 scrolls of magic mapping {unknown}
 n - 2 scrolls of fog
 q - 2 scrolls of blinking {unknown}
 s - 2 scrolls of enchant armour {unknown}
 t - a scroll of torment {unknown}
 x - 3 scrolls of random uselessness {unknown}
 z - 3 scrolls of immolation {unknown}
 C - 3 scrolls of identify
 G - 2 scrolls of amnesia {unknown}
Potions
 g - a potion of lignification {unknown}
 i - a potion of degeneration {unknown}
 k - a potion of heal wounds
 l - 2 potions of haste {unknown}
 m - 6 potions of curing
 p - 2 potions of might {unknown}
 r - a potion of magic {unknown}
 H - a potion of mutation {unknown}
Comestibles
 c - 29 rations
 u - 8 chunks of flesh


   Skills:
 - Level 3.6 Fighting
 + Level 13.6(15.9) Axes
 - Level 14.0(16.1) Maces & Flails
 - Level 2.4 Armour
 - Level 2.1 Dodging


You had 9 spell levels left.
You didn't know any spells.
Your spell library was empty.

Dungeon Overview and Level Annotations

Branches:
Dungeon (10/15)            Temple (0/1) D:4            Lair (0/6) D:9
    Orc: D:9-12

Altars:
Elyvilon
Fedhas
Kikubaaqudgha
Nemelex Xobeh
Sif Muna
Uskayaw
Wu Jian
Xom
The Shining One

Shops:
D:6 [   D:8 *   D:10 :[[

Annotations:
D:2 1 runed translucent door, exclusions: door and downstairs, Crazy Yiuf


Innate Abilities, Weirdness & Mutations

You reflexively headbutt those who attack you in melee.
You have a pair of horns on your head.


Message History

The orc hits you with a +0 mace.
* * * LOW HITPOINT WARNING * * *
You thump the orc!
You kill the orc!
Trog accepts your kill.
A centaur warrior comes into view.
The orc hits you but does no damage.
The centaur warrior shouts!
The orc completely misses you. You furiously retaliate!
You headbutt the orc!
You kill the orc!
Trog accepts your kill.
The centaur warrior wields a +0 shortbow.
The centaur warrior shoots an arrow.
The arrow closely misses you.
The centaur warrior shoots an arrow.
The arrow closely misses you.
The centaur warrior shoots an arrow.
The arrow hits you!
* * * LOW HITPOINT WARNING * * *
You see here an arrow.
The centaur warrior shoots an arrow.
The arrow completely misses you.
The centaur warrior shoots an arrow.
The arrow hits you!!
You die...

#........# #####
#........# #...#
#........# #...#
#........# #...########.
#........# #............
#......# #.c.o.o......
#..<...# #)##########.
#......#######)#........#
#.....(..@(..c.#........#
#########......#....∩...#
#......#........#
#......'........#
#..(...##########
#.......∩.......
#..############# #..#
####


You could see a centaur warrior.

Vanquished Creatures
  A hydra (D:9)
  Harold (D:8)
  Pikel (D:8)
  A komodo dragon (D:9)
  2 dream sheep (D:9)
  Sigmund (D:3)
  2 wyverns (D:9)
  2 yaks (D:9)
  A steam dragon (D:9)
  Duvessa (D:7)
  4 orc warriors
  An ice beast (D:5)
  A slave (D:8)
  2 phantoms
  2 sky beasts
  4 ogres
  3 centaurs
  2 crocodiles (D:9)
  3 big kobolds (D:9)
  A wyvern zombie (D:8)
  9 bullfrogs
  Dowan (D:7)
  A scorpion (D:6)
  3 killer bees (D:7)
  3 howler monkeys
  4 jellies
  3 crimson imps
  4 hounds
  6 orc priests
  A gnoll shaman (D:5)
  A bullfrog skeleton (D:8)
  4 iguanas
  2 orc wizards
  Terence (D:2)
  5 worker ants
  A hound zombie (D:9)
  4 hound skeletons
  A worker ant zombie (D:6)
  A howler monkey zombie (D:5)
  Robin (D:2)
  10 gnolls
  A howler monkey skeleton (D:8)
  3 adders
  3 oozes
  3 worms (D:3)
  4 dart slugs
  5 leopard geckos
  42 orcs
  A ball python (D:4)
  3 giant cockroaches
  20 goblins
  8 hobgoblins
  12 jackals
  2 quokkas
  8 bats
  3 frilled lizards
  A jackal skeleton (D:4)
  10 kobolds
  A leopard gecko zombie (D:5)
  6 rats
238 creatures vanquished.

Vanquished Creatures (others)
  A bullfrog (D:8)
  A jackal (D:8)
2 creatures vanquished.

Grand Total: 240 creatures vanquished

Notes
Turn   | Place    | Note
-------+----------+-------------------------------------------
     0 | D:1      | Electrofox the Minotaur Berserker began the quest for the
                  | Orb.
     0 | D:1      | Reached XP level 1. HP: 19/19 MP: 0/0
   242 | D:1      | Reached XP level 2. HP: 18/26 MP: 1/1
   629 | D:1      | Reached skill level 5 in Axes
   685 | D:1      | Reached XP level 3. HP: 25/31 MP: 2/2
   995 | D:1      | Reached ** piety under Trog
  1258 | D:2      | Noticed Terence
  1269 | D:2      | Killed Terence
  1269 | D:2      | Reached XP level 4. HP: 39/39 MP: 3/3
  1428 | D:2      | Found an ornate altar of the Wu Jian Council.
  1520 | D:2      | Noticed Robin
  1532 | D:2      | Killed Robin
  1537 | D:2      | Noticed Sigmund
  2000 | D:2      | Found a runed translucent door.
  2001 | D:2      | Noticed Crazy Yiuf
  2204 | D:3      | Reached *** piety under Trog
  2408 | D:3      | Reached XP level 5. HP: 45/45 MP: 4/4
  2991 | D:3      | Killed Sigmund
  2991 | D:3      | Reached XP level 6. HP: 51/51 MP: 5/5
  3162 | D:4      | Found a staircase to the Ecumenical Temple.
  3472 | D:4      | Found a shimmering blue altar of Sif Muna.
  3573 | D:4      | Reached XP level 7. HP: 57/57 MP: 6/6
  3954 | D:4      | Found a glowing golden altar of the Shining One.
  4125 | D:5      | Entered Level 5 of the Dungeon
  4133 | D:5      | Reached skill level 2 in Maces & Flails
  4136 | D:5      | Reached skill level 3 in Maces & Flails
  4144 | D:5      | Found a blossoming altar of Fedhas.
  4161 | D:5      | Reached skill level 4 in Maces & Flails
  4238 | D:5      | Reached skill level 5 in Maces & Flails
  4412 | D:5      | Found a shimmering altar of Xom.
  4470 | D:5      | Reached **** piety under Trog
  4478 | D:5      | Reached skill level 6 in Maces & Flails
  4478 | D:5      | Reached XP level 8. HP: 28/64 MP: 7/7
  4722 | D:5      | Reached skill level 7 in Maces & Flails
  4899 | D:5      | Found a white marble altar of Elyvilon.
  4987 | D:5      | Found an ancient bone altar of Kikubaaqudgha.
  5055 | D:5      | Got a translucent ring mail
  5056 | D:5      | Identified the +3 ring mail of Mirth {+Inv Str+2 Dex+2}
                  | (You found it on level 5 of the Dungeon)
  5169 | D:6      | Reached skill level 8 in Maces & Flails
  5267 | D:6      | Found a sparkling altar of Nemelex Xobeh.
  5474 | D:6      | Found Risuot Tonn's Armour Shop.
  5793 | D:7      | Reached skill level 9 in Maces & Flails
  5940 | D:7      | Reached skill level 10 in Maces & Flails
  6154 | D:7      | Found a hide-covered altar of Uskayaw.
  6158 | D:7      | Noticed Dowan
  6159 | D:7      | Noticed Duvessa
  6177 | D:7      | Killed Dowan
  6177 | D:7      | Reached XP level 9. HP: 70/70 MP: 8/8
  6190 | D:7      | Killed Duvessa
  6553 | D:7      | Upgraded the game from 0.24-a0-545-gd1b266bae6 to
                  | 0.24-a0-549-g45f0056d81
  6574 | D:8      | Reached skill level 11 in Maces & Flails
  6592 | D:8      | Reached skill level 10 in Axes
  6791 | D:8      | Noticed Harold
  6816 | D:8      | Killed Harold
  6816 | D:8      | Reached skill level 12 in Maces & Flails
  6834 | D:8      | Reached ***** piety under Trog
  6991 | D:8      | Found Jinoarez's General Store.
  7091 | D:8      | Noticed Pikel
  7106 | D:8      | Killed Pikel
  7106 | D:8      | Reached XP level 10. HP: 77/77 MP: 9/9
  7469 | D:9      | Found a sparkling altar of Nemelex Xobeh.
  7562 | D:9      | You fall into a shaft and drop 1 floor!
  7562 | D:10     | Entered Level 10 of the Dungeon
  7562 | D:10     | Found Ixill's Antique Armour Shop.
  7615 | D:10     | Noticed a two-headed ogre
  7816 | D:9      | Got a warped war axe
  7837 | D:9      | Identified the cursed +2 war axe "Darph" {pain, +Fly rPois
                  | rC- Int+2} (You found it on level 9 of the Dungeon)
  7917 | D:9      | Reached skill level 13 in Maces & Flails
  8122 | D:9      | Found a staircase to the Lair.
  8249 | D:9      | Noticed a two-headed hydra
  8255 | D:9      | Killed a two-headed hydra
  8262 | D:9      | Got a crude halberd
  8264 | D:9      | Identified the +3 halberd "Zuseeca" {holy, rPois} (You
                  | found it on level 9 of the Dungeon)
  8364 | D:9      | Reached skill level 14 in Maces & Flails
  8902 | D:10     | Found Puneaz's Book Boutique.
  8912 | D:10     | Found Tywi's Armour Boutique.
  9002 | D:10     | Noticed a centaur warrior
  9006 | D:10     | HP: 1/77 [centaur warrior/arrow (16)]
  9007 | D:10     | Shot with an arrow by a centaur warrior

Levels and vault maps discovered:
D:1:      dpeg_arrival_morbid_curiosity, layout_basic, minmay_tetromino_i2
D:2:      layout_loops_ring, nicolae_overflow_crystal_walls, first_ration,
          uniq_crazy_yiuf_cottage, uniq_terence, uniq_robin, uniq_sigmund
D:3:      layout_loops_ring
D:4:      layout_loops_corners, lemuel_round_altar, lemuel_doored_altar,
          minmay_temple_entry_statues_fountains
D:5:      layout_gridville, elyvilon_altar_5, kennysheep_mini_moat,
          marbit_many_paths, overflow_temple_1_default, minmay_ogre_servants
D:6:      layout_loops_cross, serial_shops, shop, nemelex_spade_bored_becter
D:7:      layout_rooms, lemuel_round_altar, uniq_duvessa
D:8:      layout_loops_ring, serial_shops, nicolae_shop_behind_doors,
          uniq_pikel, uniq_harold
D:9:      layout_loops_ring, kennysheep_mini, erik_lair_dragon, special_room
          [special_room_orc], hangedman_ranch [blue_anna_fruit_fields]
D:10:     layout_irregular_city, minmay_orc_entry_temple_small, serial_shops,
          shop, shop, shop, shop_fountains, nicolae_shop_statue_plus,
          minmay_misc_feat_plants, onia_ninara_cookie

Skill      XL: |  1  2  3  4  5  6  7  8  9 10 |
---------------+-------------------------------+-----
Axes           | 4 5 6 8 9 11 13 | 13.6
Maces & Flails | 6 10 12 14 | 14.0
Fighting       | |  3.6
Armour         | |  2.4
Dodging        | |  2.1

Action                   |  1- 3 |  4- 6 |  7- 9 | 10-12 || total
-------------------------+-------+-------+-------+-------++-------
Melee: Hand axe          |    84 |   115 |     1 |       ||   200
       Headbutt          |     9 |    26 |    47 |    44 ||   126
       Morningstar       |       |       |   220 |   152 ||   372
Throw: Dart              |       |       |     9 |     5 ||    14
Invok: Berserk           |     2 |     3 |     7 |     3 ||    15
Evoke: Wand              |       |       |     1 |     1 ||     2
  Use: Scroll            |       |     5 |     7 |     3 ||    15
       Potion            |       |     1 |       |     2 ||     3
 Stab: Sleeping          |     1 |       |       |       ||     1
  Eat: Chunk             |     2 |     7 |    17 |     9 ||    35
       Ration            |       |     1 |       |       ||     1
Armor: Animal skin       |     8 |     1 |       |       ||     9
       Ring mail         |       |    34 |    63 |    36 ||   133
Dodge: Dodged            |    57 |    52 |   135 |    92 ||   336

Table legend:
 A = Non-vault XP
 B = Vault XP
 C = Vault XP percentage of total XP
 D = Non-vault monster count
 E = Vault monster count
 F = Vault count percentage of total count
                 A         B        C        D         E       F
            +---------+---------+-------+---------+---------+-------
      Total |    4266 |    6448 |  60.2 |     162 |      75 |  31.6
            +---------+---------+-------+---------+---------+-------
        D:1 |      49 |      10 |  16.9 |      24 |       6 |  20.0
        D:2 |      40 |      65 |  61.9 |      17 |      10 |  37.0
        D:3 |      56 |     212 |  79.1 |      17 |       1 |   5.6
        D:4 |     402 |       0 |   0.0 |      11 |       0 |   0.0
        D:5 |     890 |     134 |  13.1 |      32 |       9 |  22.0
        D:6 |     338 |       0 |   0.0 |      10 |       0 |   0.0
        D:7 |     637 |     226 |  26.2 |      13 |       2 |  13.3
        D:8 |    1154 |    1681 |  59.3 |      22 |       2 |   8.3
        D:9 |     484 |    3751 |  88.6 |      14 |      37 |  72.5
       D:10 |     216 |     369 |  63.1 |       2 |       8 |  80.0
            +---------+---------+-------+---------+---------+-------
